 Dungeon Crawl Stone Soup version 0.24-a0-462-ge24419a6ad (webtiles) character file.

Game seed: 2436012010298870414

201 Mrkan the Chopper (level 5, 0/48 HPs)
             Began as a Hill Orc Monk on July 2, 2019.
             Slain by a river rat (4 damage)
             ... in a sewer.
             The game lasted 00:06:11 (2842 turns).

Mrkan the Chopper (Hill Orc Monk)                   Turns: 2842, Time: 00:06:11

Health: 0/48       AC:  3    Str: 15    XL:     5   Next: 79%
Magic:  5/5        EV: 18    Int: 10    God:
Gold:   108        SH:  0    Dex: 18    Spells: 4/4 levels left

rFire    . . .     SeeInvis .   a - +0 hand axe
rCold    . . .     Gourm    .   (no shield)
rNeg     . . .     Faith    .   b - +0 robe
rPois    .         Spirit   .   (no helmet)
rElec    .         Reflect  .   (no cloak)
rCorr    .         Harm     .   j - +0 pair of gloves
MR       .....                  (no boots)
Stlth    +++.......             (no amulet)
HPRegen  0.16/turn              (no ring)
MPRegen  0.09/turn              (no ring)

@: agile
A: no striking features
a: no special abilities


You were in a sewer.
You were not hungry.

You visited 1 branch of the dungeon, and saw 4 of its levels.
You also visited: Sewer.

You collected 108 gold pieces.

Inventory:

Hand Weapons
 a - a +0 hand axe (weapon)
Missiles
 e - 13 poisoned darts
 i - 7 curare-tipped darts (quivered)
Armour
 b - a +0 robe (worn)
 j - a +0 pair of gloves (worn)
Jewellery
 l - an uncursed ring of ice
 r - a +2 ring of intelligence {unknown}
Scrolls
 d - a scroll of identify
 m - a scroll of remove curse {unknown}
 n - 2 scrolls of teleportation {unknown}
 o - a scroll of amnesia {unknown}
 t - a scroll of enchant armour {unknown}
Potions
 f - 3 potions of curing {unknown}
 g - a potion of ambrosia {unknown}
 h - a potion of degeneration {unknown}
 k - a potion of agility
 p - a potion of haste {unknown}
 q - a potion of heal wounds {unknown}
Comestibles
 c - 5 rations
 s - 2 chunks of flesh


   Skills:
 + Level 5.2 Fighting
 * Level 7.2 Axes
 - Level 2.4 Dodging
 - Level 1.5 Stealth


You had 4 spell levels left.
You didn't know any spells.
Your spell library was empty.

Dungeon Overview and Level Annotations

Branches:
Dungeon (4/15)
 Temple: D:4-7

Altars:
Elyvilon
Zin

Annotations:
D:2 Sigmund


Message History

You hit the rat but do no damage. You completely miss the river rat.
The rat barely misses you. The river rat bites you.
* * * LOW HITPOINT WARNING * * *
You hit the river rat but do no damage.
The river rat is moderately wounded.
You hit the rat.
You kill the rat!
You hit the river rat. The river rat barely misses you.
The river rat bites you.
* * * LOW HITPOINT WARNING * * *
You hit the river rat.
The river rat is severely wounded.
You hit the river rat but do no damage. The river rat closely misses you.
You slash the river rat!
You kill the river rat!
You hit the river rat but do no damage. The river rat bites you.
* * * LOW HITPOINT WARNING * * *
You feel agile all of a sudden. The river rat bites you.
You die...

.....≈≈≈≈
.....≈≈≈≈
#....≈≈≈≈
#....≈≈≈≈
##...≈≈≈≈≈≈
##.....≈≈≈≈≈
#.......≈≈≈≈
#..@...≈≈≈≈≈
#.†r....≈≈≈≈
##.....≈.≈≈≈
#.....≈.≈≈≈
##.....≈≈≈≈
####.....≈.≈≈
#∩###.....≈≈≈
#.###.....≈≈≈
#..#.......≈≈


You could see a river rat.

Vanquished Creatures
  An orc wizard (D:3)
  A worker ant (D:4)
  3 adders
  A river rat (Sewer)
  2 worms (D:4)
  5 dart slugs
  11 orcs (D:3)
  A ball python (D:1)
  3 giant cockroaches
  6 hobgoblins
  12 jackals
  6 kobolds
  A quokka (D:2)
  9 bats
  8 frilled lizards
  10 goblins
  8 rats
88 creatures vanquished.

Notes
Turn   | Place    | Note
-------+----------+-------------------------------------------
     0 | D:1      | Mrkan the Hill Orc Monk began the quest for the Orb.
     0 | D:1      | Reached XP level 1. HP: 19/19 MP: 1/1
   178 | D:1      | Reached XP level 2. HP: 17/27 MP: 2/2
   316 | D:1      | Reached skill level 5 in Axes
   322 | D:1      | Reached XP level 3. HP: 21/33 MP: 3/3
   872 | D:2      | Noticed Sigmund
   873 | D:2      | Reached XP level 4. HP: 38/41 MP: 4/4
  1469 | D:3      | Reached skill level 6 in Axes
  1955 | D:3      | Found a glowing silver altar of Zin.
  2067 | D:3      | Found a white marble altar of Elyvilon.
  2215 | D:3      | Reached XP level 5. HP: 38/47 MP: 5/5
  2433 | D:4      | Reached skill level 5 in Fighting
  2554 | D:4      | Reached skill level 7 in Axes
  2783 | D:4      | Found a glowing drain.
  2822 | Sewer    | Entered a sewer
  2842 | Sewer    | Slain by a river rat

Levels and vault maps discovered:
D:1:      psy_arrival_conway, layout_loops_ring
D:2:      layout_loops_cross, uniq_sigmund
D:3:      minmay_wonky_spiral, layout_basic, lemuel_doored_altar,
          elyvilon_altar_5
D:4:      layout_loops_ring, kennysheep_mini, cheibrodos_sewer_entry_bend,
          dk_rats_in_the_wall
Sewer:    sewer_minmay_treatment

Skill      XL: |  1  2  3  4  5 |
---------------+----------------+-----
Fighting       | 4 5 |  5.2
Axes           | 5 6 7 |  7.2
Dodging        | |  2.4
Stealth        | |  1.5

Action                   |  1- 3 |  4- 6 || total
-------------------------+-------+-------++-------
Melee: Hand axe          |    91 |   179 ||   270
  Use: Scroll            |       |     3 ||     3
       Potion            |       |     1 ||     1
 Stab: Sleeping          |     5 |       ||     5
  Eat: Chunk             |       |     6 ||     6
Armor: Robe              |    20 |    29 ||    49
Dodge: Dodged            |    69 |    97 ||   166

Table legend:
 A = Non-vault XP
 B = Vault XP
 C = Vault XP percentage of total XP
 D = Non-vault monster count
 E = Vault monster count
 F = Vault count percentage of total count
                 A         B        C        D         E       F
            +---------+---------+-------+---------+---------+-------
      Total |     253 |      35 |  12.2 |      79 |       9 |  10.2
            +---------+---------+-------+---------+---------+-------
        D:1 |      58 |       0 |   0.0 |      30 |       0 |   0.0
        D:2 |      35 |       0 |   0.0 |      13 |       0 |   0.0
        D:3 |     107 |      10 |   8.5 |      30 |       4 |  11.8
        D:4 |      53 |      10 |  15.9 |       6 |       2 |  25.0
      Sewer |       0 |      15 | 100.0 |       0 |       3 | 100.0
            +---------+---------+-------+---------+---------+-------
